cohdb
Replays
Latest Replays
All Replays
Popular Replays
Top Player Replays
Match Explorer
How It Works
Community
CoH3 Stats
Reddit
Sign in to upload your games and track your stats! →
Sign in with Steam
Match 44331862
Unlisted
Match 44331862
Overview
Messages
Build Orders
End
Selects Advanced Infantry Battlegroup
Construct Barracks
Riflemen Squad
Riflemen Squad
M1 Mortar Team
Grenade Package
Infantry Support Center
Construct Weapon Support Center
Selects Artillery Observers
M1919 Machine Gun Team
M1919 Machine Gun Team
M3 Armored Personnel Carrier
M1918 Browning Automatic Rifles
Bazooka Squad
Selects Convert to Ranger Squad
Improved M9 Bazooka Rockets
Bazooka Squad
Construct Tank Depot
Selects Designate Assault Position
Engineer Squad
M4(105) Sherman Bulldozer
Selects M2A1 105mm Howitzer Emplacement
Ranger Squad
kirisunaky
Serial Chiller
[BBC] octo
El_Wittman
bathtub soup
bashar
S-G Herold
Der Ventilator
0
0
Comments
sign in to comment!
No comments posted yet!